[Event "Titled Tuesday Blitz July 26 Late 2022"]
[White "Weetik, Vjacheslav"]
[Black "Vovk, Orest"]
[WhiteFideId "4153472"]
[BlackFideId "14113490"]
[WhiteElo "2469"]
[BlackElo "2203"]
[Result "1-0"]
[Round "03"]
[TimeControl "180+1"]
[Date "2022.07.26"]
[WhiteClock "0:00:03"]
[BlackClock "0:00:02"]

1. d4 h6 2. e4 g5 3. h4 g4 4. Qxg4 d5 5. Qg3 dxe4 6. Nc3 Nf6 7. Bc4 Rg8 8. Qe3 Rxg2 9. Nge2 Ng4 10. Qxe4 Rxf2 11. Bf4 f5 12. Qd3 Nc6 13. O-O-O e5 14. dxe5 Qxd3 15. Rxd3 Ncxe5 16. Bxe5 Nxe5 17. Re3 Bd6 18. Rg1 f4 19. Re4 f3 20. Nd4 Rg2 21. Rf1 Bg4 22. Be6 Bxe6 23. Nxe6 Kd7 24. Nd4 Rf8 25. Nd5 f2 26. Ne3 Rg1 27. Kd1 Nf3 28. Nxf3 Rxf3 29. Ke2 1-0


[Site "https://www.chess.com"]

[Event "Titled Tuesday Blitz July 26 Late 2022"]
[White "Wu, Rochelle"]
[Black "Abdrlauf, Elham"]
[WhiteFideId "30908132"]
[BlackFideId "1533533"]
[WhiteElo "2168"]
[BlackElo "2429"]
[Result "0-1"]
[Round "03"]
[TimeControl "180+1"]
[Date "2022.07.26"]
[WhiteClock "0:00:54"]
[BlackClock "0:00:43"]

1. Nf3 Nf6 2. g3 g6 3. Bg2 Bg7 4. O-O O-O 5. d4 d5 6. c4 dxc4 7. Nc3 c5 8. dxc5 Qa5 9. Be3 Ng4 10. Bg5 Qxc5 11. Rc1 Nc6 12. Ne4 Qb4 13. Nfd2 Be6 14. Nc3 h6 15. Bf4 g5 16. Be3 Nxe3 17. fxe3 Qxb2 18. Nde4 Qb6 19. Nd5 Bxd5 20. Qxd5 Qxe3+ 21. Kh1 c3 22. Nc5 Rad8 23. Qc4 b5 0-1


[Site "https://www.chess.com"]

[Event "Titled Tuesday Blitz July 26 Late 2022"]
[White "Zeynalli, Rashad"]
[Black "Pakleza, Zbigniew"]
[WhiteFideId "13403320"]
[BlackFideId "1119290"]
[WhiteElo "2125"]
[BlackElo "2467"]
[Result "1-0"]
[Round "03"]
[TimeControl "180+1"]
[Date "2022.07.26"]
[WhiteClock "0:00:32"]
[BlackClock "0:00:22"]

1. d4 d6 2. Bf4 Nc6 3. Nf3 Bg4 4. d5 Nb8 5. h3 Bh5 6. e4 Nd7 7. g4 Bg6 8. Nc3 c6 9. Nh4 Ngf6 10. Bg2 Qb6 11. O-O Qxb2 12. Qd2 Qa3 13. Rab1 Qa6 14. Rfe1 Ne5 15. Bf1 Qa5 16. Rxb7 e6 17. g5 Nfd7 18. dxc6 Nxc6 19. Bb5 Rc8 20. Bxd6 a6 21. Bxf8 Nxf8 22. Bxc6+ Rxc6 23. Rb8+ Ke7 24. Nd5+ Qxd5 25. exd5 Rxc2 26. d6+ Kd7 27. Rb7+ Kc6 28. Rc7+ Kb6 29. Rxc2 1-0


[Site "https://www.chess.com"]

[Event "Titled Tuesday Blitz July 26 Late 2022"]
[White "Zhigalko, Sergei"]
[Black "Nozdrachev, Leonid"]
[WhiteFideId "13502956"]
[BlackFideId "24113433"]
[WhiteElo "2662"]
[BlackElo "2100"]
[Result "1-0"]
[Round "03"]
[TimeControl "180+1"]
[Date "2022.07.27"]
[WhiteClock "0:00:07"]
[BlackClock "0:00:06"]

1. e4 d6 2. d4 Nf6 3. Nc3 e5 4. Nf3 Nbd7 5. Bc4 Be7 6. O-O O-O 7. a4 c6 8. Re1 Re8 9. Ng5 Rf8 10. Be3 d5 11. exd5 cxd5 12. Ba2 e4 13. a5 Bb4 14. Bd2 h6 15. Nh3 Bxa5 16. Nf4 Nb6 17. Nxe4 Nxe4 18. Bxa5 Qf6 19. Qf3 Qxd4 20. c3 Qd2 21. Re2 Ng5 22. Rxd2 Nxf3+ 23. gxf3 Nc4 24. Rxd5 Nxb2 25. Bb3 g5 26. Nh5 Be6 27. Rb5 Nd3 28. Bxe6 fxe6 29. Rxb7 Rxf3 30. Bb6 1-0


[Site "https://www.chess.com"]

[Event "Titled Tuesday Blitz July 26 Late 2022"]
[White "Abdrlauf, Elham"]
[Black "Andreikin, Dmitry"]
[WhiteFideId "1533533"]
[BlackFideId "4158814"]
[WhiteElo "2429"]
[BlackElo "2736"]
[Result "0-1"]
[Round "04"]
[TimeControl "180+1"]
[Date "2022.07.26"]
[WhiteClock "0:00:01"]
[BlackClock "0:00:18"]

1. e4 c5 2. Nf3 e6 3. c3 d5 4. e5 Nc6 5. d4 Qb6 6. a3 c4 7. Nbd2 Bd7 8. Rb1 Na5 9. b3 cxb3 10. Nxb3 Nxb3 11. Qxb3 Qxb3 12. Rxb3 b6 13. Ba6 Ne7 14. O-O Nc6 15. Nd2 Na5 16. Rb1 Be7 17. c4 dxc4 18. Nxc4 Nxc4 19. Bxc4 Rc8 20. Ba6 Rc2 21. Bb2 Ba4 22. Bd3 Rd2 23. Be4 Kd7 24. Bc3 Ra2 25. Bb4 Rc8 26. d5 Bc2 27. Bxc2 Rcxc2 28. Rbd1 exd5 29. Rxd5+ Ke6 30. Rd3 a5 31. Bxe7 Kxe7 32. Rd6 b5 33. Rb6 Rc5 34. Re1 Rxa3 35. e6 fxe6 36. Rbxe6+ Kf7 37. Re7+ Kf6 38. R1e6+ Kf5 39. g3 Rac3 40. Rb6 b4 41. Rxg7 Rc6 42. Rbb7 b3 43. Rxh7 a4 44. Rh5+ Ke6 45. Ra5 R3c4 46. h4 R6c5 47. Ra6+ Kd5 48. h5 Rc6 49. Rb5+ Kd4 50. Ra8 Kc3 51. f4 b2 52. f5 R6c5 53. Rb6 Rb4 54. Rxb4 Kxb4 0-1


[Site "https://www.chess.com"]

[Event "Titled Tuesday Blitz July 26 Late 2022"]
[White "Agasarov, Benik"]
[Black "Fiedorek, Michal"]
[WhiteFideId "13314823"]
[BlackFideId "1199528"]
[WhiteElo "2618"]
[BlackElo "1833"]
[Result "1/2-1/2"]
[Round "04"]
[TimeControl "180+1"]
[Date "2022.07.27"]
[WhiteClock "0:01:28"]
[BlackClock "0:00:03"]

1. Nf3 Nf6 2. b3 g6 3. Bb2 Bg7 4. e3 O-O 5. Be2 d6 6. O-O e5 7. d4 e4 8. Nfd2 d5 9. c4 c6 10. Ba3 Re8 11. Nc3 h5 12. cxd5 cxd5 13. Nb5 Nc6 14. Nd6 Re6 15. Nxc8 Rxc8 16. Rc1 Qa5 17. Nb1 Ree8 18. Qd2 Qd8 19. b4 Ne7 20. b5 Nf5 21. Rxc8 Qxc8 22. Rc1 Qd7 23. Nc3 Rc8 24. Na4 b6 25. Nb2 h4 26. h3 Rc7 27. Nd1 Qc8 28. Rxc7 Qxc7 29. Qc3 Qxc3 30. Nxc3 Bf8 31. Bb2 Bb4 32. Nb1 Kf8 33. a3 Bd6 34. a4 Ke7 35. Bc3 Kd7 36. Bd1 Ke6 37. Bb3 Ne7 38. Bd2 g5 39. Nc3 Ba3 40. f3 exf3 41. gxf3 Bb2 42. e4 Bxc3 43. Bxc3 Nh5 44. Bd2 Nf4 45. Bxf4 gxf4 46. Kf2 Kd6 47. Bc2 Ke6 48. Ke2 f5 49. e5 Ng8 50. Bb3 Nh6 51. Kf2 Nf7 52. Kg2 Ng5 53. Ba2 Nf7 54. Bb3 Ng5 55. Bd1 Nh7 56. Be2 Nf8 57. Bf1 Ng6 58. Kf2 Ne7 59. Ke2 Ng8 60. Kd3 Nh6 61. Kc3 Nf7 62. Kb4 Nd8 63. a5 Nb7 64. a6 Nd8 65. Kc3 Nf7 66. Kd2 Ng5 67. Bg2 Kd7 68. Kc3 Ne6 69. Bf1 Nc7 70. Bd3 Ke6 71. Kd2 Ne8 72. Ke2 Ng7 73. Kd2 Nh5 74. Bf1 Ng3 75. Bg2 Kd7 76. Kd3 Ke6 77. Kd2 Kf7 78. Ke1 Ke7 79. Kf2 Ke6 80. Bf1 Nh1+ 81. Kg2 Ng3 82. Bd3 Nh5 83. Kf2 Ng7 84. Ke2 Ne8 85. Kd2 Nc7 86. Kc3 Ne8 87. Bf1 Ng7 88. Bg2 Kd7 89. Kd3 Ne6 90. Bf1 Nc7 91. Kc3 Ne8 92. Bd3 Ke6 93. Bf1 Ng7 94. Bg2 Nh5 95. Kd2 Ng3 96. Ke1 Nh5 97. Kf2 Ng7 98. Ke2 Kd7 99. Kd3 Ne6 100. Bf1 Nc7 101. Be2 Nxb5 102. Bd1 Nc7 103. Kc3 Nxa6 104. Ba4+ Ke6 105. Bc6 Nb8 106. Bb7 Nd7 107. Bc8 Ke7 108. Bb7 Ke6 109. Bc8 a5 110. Kb3 b5 111. Kc3 Ke7 112. Bb7 Nb6 113. Bc6 b4+ 114. Kb3 Ke6 115. Be8 Ke7 116. Bc6 Kd8 117. Bb5 Kc7 118. Bd3 Kd8 119. Bxf5 Ke7 120. Bd3 Ke6 121. Bb5 Ke7 122. Bc6 Ke6 123. Bb5 Ke7 124. Bc6 Kd8 125. Bb5 Kc7 126. Bd3 Kd7 127. Bf5+ Ke7 128. Bd3 Ke6 129. Bb5 1/2-1/2


[Site "https://www.chess.com"]

[Event "Titled Tuesday Blitz July 26 Late 2022"]
[White "Alexiadis, Hristos"]
[Black "Goltseva, Ekaterina"]
[WhiteFideId "4249623"]
[BlackFideId "24173770"]
[WhiteElo "2416"]
[BlackElo "2086"]
[Result "0-1"]
[Round "04"]
[TimeControl "180+1"]
[Date "2022.07.26"]
[WhiteClock "0:00:08"]
[BlackClock "0:00:04"]

1. d4 d5 2. c4 e5 3. Nf3 e4 4. Nfd2 c6 5. Nc3 f5 6. e3 Nf6 7. Be2 Be7 8. O-O O-O 9. f4 Kh8 10. Rb1 a5 11. a3 Na6 12. c5 Nc7 13. b4 axb4 14. axb4 Rg8 15. Kh1 Ne6 16. b5 g5 17. fxg5 Nxg5 18. bxc6 bxc6 19. Rb6 Bd7 20. Qe1 Qf8 21. Rb7 Rb8 22. Ra7 Ra8 23. Rb7 Qc8 24. Rb4 Qf8 25. Na4 Rb8 26. Nb6 Be6 27. Nb3 Qg7 28. Qg3 Qh6 29. Qe5 Qg6 30. Nxd5 Nf7 31. Nf4 Nxe5 32. Nxg6+ Nxg6 33. Rxb8 Rxb8 34. Na5 Bd5 35. Rxf5 Kg7 36. Rf1 Rb1 37. Bd2 Rb2 38. Rd1 h5 39. Nc4 Rc2 40. Na3 Ra2 41. Nc4 Ng4 42. Kg1 Bh4 43. g3 Bg5 44. Nb6 Rxd2 45. Bxg4 hxg4 46. Rxd2 Bxe3+ 47. Rf2 Ne7 48. Kf1 Bxf2 49. Kxf2 Nf5 50. Nxd5 cxd5 51. c6 Ne7 52. Ke3 Nxc6 53. Kf4 Nxd4 54. Kxg4 Nf3 55. h4 d4 56. Kf4 d3 57. Ke3 Nh2 0-1


[Site "https://www.chess.com"]

[Event "Titled Tuesday Blitz July 26 Late 2022"]
[White "Aravindh, Chithambaram VR."]
[Black "Domingo Nunez, Ruben"]
[WhiteFideId "5072786"]
[BlackFideId "22245570"]
[WhiteElo "2577"]
[BlackElo "2373"]
[Result "1-0"]
[Round "04"]
[TimeControl "180+1"]
[Date "2022.07.26"]
[WhiteClock "0:00:04"]
[BlackClock "0:00:05"]

1. b3 d6 2. Bb2 Nd7 3. d4 Ngf6 4. Nd2 g6 5. e4 Bg7 6. Ngf3 O-O 7. Bd3 e5 8. c3 a5 9. a4 c6 10. O-O Re8 11. Qc2 Qc7 12. Rfe1 Nh5 13. Rad1 b6 14. Bf1 Bb7 15. Nc4 exd4 16. Nxd4 Rad8 17. g3 Ne5 18. f4 Nxc4 19. Bxc4 Nf6 20. Bf1 Qc8 21. Bg2 d5 22. e5 Ne4 23. c4 f5 24. cxd5 cxd5 25. Rc1 Bf8 26. Qxc8 Rxc8 27. Nb5 Bb4 28. Red1 Bd2 29. Rxd2 Nxd2 30. Nd6 Rxc1+ 31. Bxc1 Nxb3 32. Be3 Kf8 33. Nxe8 Kxe8 34. Bxb6 Bc6 35. Kf2 Kd7 36. Bf3 Ke6 37. Bd1 Bxa4 38. Bxa5 Nxa5 39. Bxa4 Nb7 40. Ke3 Nc5 41. Bc2 Kd7 42. Kd4 Kc6 43. Kc3 Ne6 44. Kb4 Kb6 45. Bb3 Nc7 46. Ba2 Na6+ 47. Kc3 Kc5 48. Bb3 Nc7 49. Kd3 Ne6 50. Ba2 Nd4 51. Ke3 Nc2+ 52. Kd2 Nb4 53. Bb3 Nc6 54. Ba2 Nb4 55. Bb1 Nc6 56. Bd3 Nd4 57. Ke3 Ne6 58. Bc2 Nd4 59. Ba4 Ne6 60. Bd7 Nf8 61. Be8 Ne6 62. Bf7 Nd8 63. Bg8 d4+ 64. Kd3 h6 65. Bh7 g5 66. Bxf5 gxf4 67. gxf4 Nc6 68. Be4 Nb4+ 69. Kd2 Kc4 70. f5 Na6 71. f6 Nc5 72. Bc2 Kd5 73. f7 Nd7 74. Bf5 Nf8 75. e6 Kd6 76. Kd3 Ke7 77. Kxd4 h5 78. h4 Nxe6+ 79. Bxe6 Kxe6 80. f8=Q 1-0


[Site "https://www.chess.com"]

[Event "Titled Tuesday Blitz July 26 Late 2022"]
[White "Ardila, Oscar Humberto"]
[Black "Voege, Tobias"]
[WhiteFideId "4404742"]
[BlackFideId "1270513"]
[WhiteElo "1956"]
[BlackElo "2379"]
[Result "0-1"]
[Round "04"]
[TimeControl "180+1"]
[Date "2022.07.27"]
[WhiteClock "0:00:07"]
[BlackClock "0:00:16"]

1. d4 Nf6 2. c4 g6 3. Nc3 Bg7 4. Nf3 O-O 5. e3 d6 6. Be2 c5 7. O-O Nc6 8. dxc5 dxc5 9. Qb3 b6 10. Rd1 Qc7 11. Nb5 Qb7 12. Bd2 Ne4 13. Be1 a6 14. Nc3 Nxc3 15. Bxc3 Be6 16. Rd2 Rfd8 17. Rad1 Rxd2 18. Rxd2 Qc7 19. Bxg7 Kxg7 20. Qc3+ f6 21. b3 Rd8 22. h3 Rxd2 23. Qxd2 Qd8 24. Qc3 a5 25. a3 Kf7 26. Kf1 Qd6 27. Ke1 h6 28. Qd2 Qxd2+ 29. Kxd2 g5 30. Kc3 f5 31. Bd3 Kf6 32. e4 f4 33. g3 fxg3 34. fxg3 Bxh3 35. Kd2 Bg4 36. Nh2 Bh5 37. Ke3 Nd4 38. b4 axb4 39. axb4 e5 40. bxc5 bxc5 41. g4 Be8 42. Be2 Ne6 43. Nf3 Nf4 44. Bf1 Bd7 45. Nh2 Be6 46. Kf3 Ke7 47. Kg3 Kd6 48. Nf3 Bf7 49. Nd2 Ne6 50. Be2 Nd4 51. Bd1 Be8 52. Nf1 Bf7 53. Ne3 Be6 54. Kf2 Nc6 55. Ke2 Na5 56. Kd3 Nc6 57. Kc3 Nd4 58. Kd3 Ke7 59. Kc3 Kf6 60. Kd3 Bf7 61. Kc3 Be6 62. Kb2 Nc6 63. Ka3 Nd4 64. Ka4 Bd7+ 65. Ka5 Ke7 66. Kb6 Kd6 67. Kb7 Bc6+ 68. Kb6 Bxe4 69. Ba4 Nf3 70. Be8 Nd2 71. Bf7 Bd3 72. Kb5 Be2 73. Nf5+ Kd7 74. Nxh6 Ke7 75. Bd5 Nb3 76. Nf5+ Kf6 77. Ne3 Bd3 78. Bg8 e4 79. Bd5 Ke5 80. Kc6 Kd4 81. Nf5+ Ke5 82. Ne3 Kf4 83. Nd1 e3 84. Nc3 e2 85. Nxe2+ Bxe2 86. Kd6 Bxg4 87. Bf7 Be2 88. Be6 g4 89. Bxg4 Kxg4 90. Kc6 Kf4 91. Kb5 Ke4 92. Ka4 Nd2 93. Kb5 Kd4 94. Ka4 Nxc4 95. Kb3 Ne3 0-1


[Site "https://www.chess.com"]

[Event "Titled Tuesday Blitz July 26 Late 2022"]
[White "Baches Garcia, Guillermo"]
[Black "Gallo Garcia, Kemel Antonio"]
[WhiteFideId "2209764"]
[BlackFideId "3523896"]
[WhiteElo "2525"]
[BlackElo "2359"]
[Result "1-0"]
[Round "04"]
[TimeControl "180+1"]
[Date "2022.07.27"]
[WhiteClock "0:00:16"]
[BlackClock "0:00:03"]

1. e4 e5 2. Nf3 Nc6 3. Bc4 Nf6 4. Ng5 d5 5. exd5 Na5 6. Bb5+ c6 7. dxc6 bxc6 8. Qf3 h6 9. Ne4 cxb5 10. Nxf6+ gxf6 11. Qxa8 Bc5 12. Nc3 O-O 13. Qf3 f5 14. d3 Kh7 15. Be3 Bd6 16. Nxb5 Be7 17. Nxa7 Bb7 18. Qxf5+ Kg7 19. Qxe5+ Bf6 20. Qh5 Rh8 21. O-O Bg5 22. Rae1 Qd5 23. Qh3 Rg8 24. c4 Qd8 25. Nb5 Rh8 26. Bd4+ f6 27. Qe6 Bc8 28. Qe7+ Qxe7 29. Rxe7+ Kg6 30. f4 Bh4 31. g3 Bh3 32. Rfe1 Kf5 33. gxh4 Rg8+ 34. Kf2 Rg2+ 35. Kf3 Rxb2 36. R1e6 Bg2+ 37. Kg3 1-0


[Site "https://www.chess.com"]

[Event "Titled Tuesday Blitz July 26 Late 2022"]
[White "Bartholomew, John"]
[Black "Kamsky, Gata"]
[WhiteFideId "2019353"]
[BlackFideId "2000024"]
[WhiteElo "2769"]
[BlackElo "2645"]
[Result "0-1"]
[Round "04"]
[TimeControl "180+1"]
[Date "2022.07.26"]
[WhiteClock "0:00:06"]
[BlackClock "0:00:17"]

1. Nf3 Nf6 2. c4 b6 3. g3 Bb7 4. Bg2 c5 5. O-O e6 6. Nc3 Be7 7. d4 cxd4 8. Qxd4 O-O 9. Bg5 d6 10. Bxf6 Bxf6 11. Qf4 Bxc3 12. bxc3 Qe7 13. Rfd1 Rd8 14. Ng5 Nc6 15. Ne4 d5 16. cxd5 exd5 17. Ng5 h6 18. Nh3 Na5 19. e3 Rac8 20. Qd4 g5 21. f4 Nc4 22. Re1 f6 23. Nf2 Kg7 24. Rad1 Nd6 25. Bh3 Rc5 26. Qd2 Nb5 27. e4 d4 28. c4 Nc3 29. e5 fxe5 30. Rc1 e4 31. Rxc3 dxc3 32. Qxc3+ Qf6 33. Qe3 Qd4 34. Qe2 e3 35. Ng4 Qe4 36. Bg2 Qxg2+ 37. Qxg2 Bxg2 38. Kxg2 gxf4 39. gxf4 Rxc4 40. Kf3 Rf8 41. Nxe3 Rcxf4+ 42. Kg3 R4f7 43. Ng4 Kh7 44. Re6 Rg7 45. Rxh6+ Kg8 46. Re6 Rf5 47. Re2 Ra5 48. h3 Ra3+ 49. Kg2 Kf7 50. Rf2+ Ke6 51. Rd2 Kf5 52. Re2 Kf4 53. Rf2+ Ke4 54. Re2+ Kd4 55. Rf2 Kc4 56. Kh2 b5 57. Ne5+ Kd5 58. Ng4 Kc5 59. Ne5 b4 60. Ng4 a5 61. Rc2+ Kb5 62. Rf2 Rc3 63. Ne5 Ka4 64. h4 Ka3 65. Nf3 Rf7 66. Kg3 a4 67. h5 b3 68. axb3 axb3 69. h6 b2 70. h7 Rxh7 71. Kg4 b1=Q 0-1


[Site "https://www.chess.com"]

[Event "Titled Tuesday Blitz July 26 Late 2022"]
[White "Blanco Ronquillo, Humberto L."]
[Black "Wachinger, Guenther"]
[WhiteFideId "3504239"]
[BlackFideId "4604261"]
[WhiteElo "2423"]
[BlackElo "2212"]
[Result "1-0"]
[Round "04"]
[TimeControl "180+1"]
[Date "2022.07.27"]
[WhiteClock "0:00:07"]
[BlackClock "0:00:01"]

1. e4 c5 2. Nf3 d6 3. d4 cxd4 4. Nxd4 Nf6 5. Nc3 g6 6. g3 Bg7 7. Bg2 O-O 8. O-O Nc6 9. Nde2 Bd7 10. Nd5 Rc8 11. a4 Ne5 12. h3 a6 13. a5 Nc4 14. Qe1 Nxd5 15. exd5 Nxb2 16. Rb1 Nc4 17. Rxb7 Bb5 18. Bg5 f6 19. Bd2 Nxd2 20. Qxd2 f5 21. Rb1 Rc7 22. Rb6 Qc8 23. Nd4 Bxd4 24. Qxd4 Rxc2 25. Qe3 Re2 26. Qf3 Qc2 27. R1xb5 axb5 28. Rxb5 Re1+ 29. Kh2 Ra1 30. Qe3 Qc1 31. Qe6+ Kh8 32. h4 Qc7 33. Qe3 Rf6 34. Qb3 Rxa5 35. Rb7 Qc5 36. Rxe7 Ra8 37. Qb2 Rf8 38. Re6 1-0


[Site "https://www.chess.com"]

[Event "Titled Tuesday Blitz July 26 Late 2022"]
[White "Bordi, Kevin"]
[Black "Zeynalli, Rashad"]
[WhiteFideId "621862"]
[BlackFideId "13403320"]
[WhiteElo "2836"]
[BlackElo "2125"]
[Result "1-0"]
[Round "04"]
[TimeControl "180+1"]
[Date "2022.07.26"]
[WhiteClock "0:00:12"]
[BlackClock "0:00:05"]

1. e4 e5 2. Nf3 Nc6 3. d4 exd4 4. Nxd4 Nf6 5. Nxc6 bxc6 6. e5 Qe7 7. Qe2 Nd5 8. c4 Ba6 9. b3 g6 10. Bb2 Bg7 11. g3 O-O 12. Bg2 Rae8 13. O-O Bxe5 14. Qxe5 Qxe5 15. Bxe5 Rxe5 16. cxd5 Bxf1 17. Kxf1 cxd5 18. Nd2 c6 19. Rc1 Rfe8 20. Bf3 Kf8 21. h4 h5 22. a3 R8e7 23. b4 Ke8 24. Nb3 Rf5 25. Kg2 Rfe5 26. Kf1 Rf5 27. Nd4 Rfe5 28. b5 c5 29. Rxc5 Re1+ 30. Kg2 R7e5 31. Rc8+ Ke7 32. Rc7 Kd6 33. Rxa7 Rb1 34. a4 Ree1 35. Ra6+ Kc5 36. Ne2 d4 37. Nf4 Rg1+ 38. Kh2 Rgf1 39. Kg2 Rg1+ 40. Kh3 Rgf1 41. Bg2 Rfd1 42. Be4 Rb2 43. Nd3+ Rxd3 44. Bxd3 Rxf2 45. b6 Rb2 46. a5 Rb3 47. Bc2 Rb2 48. Be4 d5 49. Bf3 Rb3 50. Bd1 Rb1 51. Bc2 Rb2 52. Bd3 Rb3 53. Bf1 Rb1 54. Bd3 Rb3 55. Bc2 Rb2 56. Ra7 Kd6 57. b7 Kc7 58. a6 Rxc2 59. Ra8 Rb2 60. Rc8+ Kd6 61. b8=Q+ Rxb8 62. Rxb8 d3 63. Rb1 d2 64. a7 1-0


[Site "https://www.chess.com"]

[Event "Titled Tuesday Blitz July 26 Late 2022"]
[White "Buchenau, Frank"]
[Black "Hjartarson, Johann"]
[WhiteFideId "4604350"]
[BlackFideId "2300044"]
[WhiteElo "2157"]
[BlackElo "2458"]
[Result "0-1"]
[Round "04"]
[TimeControl "180+1"]
[Date "2022.07.27"]
[WhiteClock "0:00:01"]
[BlackClock "0:00:04"]

1. e4 Nf6 2. e5 Nd5 3. d4 d6 4. Nf3 Bg4 5. Be2 e6 6. h3 Bh5 7. c4 Nb6 8. exd6 cxd6 9. Nc3 Be7 10. d5 e5 11. g4 Bg6 12. h4 h5 13. g5 N8d7 14. Be3 a6 15. Nd2 Rc8 16. b3 Nc5 17. Bxc5 Rxc5 18. Nde4 Rc8 19. Ng3 Nd7 20. Bxh5 Qa5 21. Rc1 Bxh5 22. Nxh5 g6 23. Ng3 b5 24. Qd2 bxc4 25. Nce4 Qxd2+ 26. Kxd2 Nb6 27. h5 gxh5 28. Nxh5 Kd8 29. Nhf6 Rxh1 30. Rxh1 cxb3 31. axb3 Bxf6 32. Nxf6 Ke7 33. Ra1 Rc5 34. Rxa6 Nxd5 35. Ra7+ Ke6 36. Ne8 Nf4 37. Ng7+ Kd5 38. Rxf7 Ra5 39. Kc3 Ra2 40. Ne8 Rxf2 41. Rd7 Ke6 42. Rd8 Ke7 43. Ra8 d5 44. b4 Rf3+ 45. Kc2 d4 46. Nf6 d3+ 47. Kc3 Ke6 48. Ra6+ Kf5 49. b5 e4 50. b6 Rf1 51. b7 Rb1 52. Ra5+ Kg6 53. Nxe4 Rxb7 54. Nc5 Rc7 55. Kd4 Rc6 0-1


[Site "https://www.chess.com"]

[Event "Titled Tuesday Blitz July 26 Late 2022"]
[White "Chen, Justin"]
[Black "Begmuratov, Khumoyun"]
[WhiteFideId "2098199"]
[BlackFideId "14210207"]
[WhiteElo "2289"]
[BlackElo "1978"]
[Result "1-0"]
[Round "04"]
[TimeControl "180+1"]
[Date "2022.07.27"]
[WhiteClock "0:00:09"]
[BlackClock "0:00:15"]

1. e4 e5 2. Nf3 Nc6 3. d4 exd4 4. Bc4 Bc5 5. O-O d6 6. c3 dxc3 7. Qb3 Na5 8. Bxf7+ Kf8 9. Qxc3 Kxf7 10. Qxa5 Nf6 11. e5 Ne4 12. Qa4 d5 13. Nbd2 Nxd2 14. Bxd2 Re8 15. Ng5+ Kg8 16. Qc2 g6 17. Qxc5 Rxe5 18. Rae1 Rxe1 19. Rxe1 Bf5 20. Qd4 c5 21. Qxc5 h6 22. Nf3 Rc8 23. Qd4 Rc4 24. Qe5 d4 25. Bxh6 Qd7 26. h3 d3 27. Rd1 Rc8 28. Bd2 Re8 29. Qd4 Qxd4 30. Nxd4 Be4 31. f3 Bd5 32. a3 Rc8 33. Bc3 Bc4 34. Kf2 Kf7 35. Rd2 Ba6 36. Nb3 b6 37. Nc1 Rd8 38. Nb3 Bc4 39. Nd4 a5 40. Nc6 Rc8 41. Ne5+ Ke6 42. Nxc4 Rxc4 43. Rxd3 g5 44. Re3+ Kf5 45. Re5+ Kg6 46. Re6+ Kf7 47. Rf6+ Ke7 48. Rxb6 a4 49. Rb4 Rc6 50. Rxa4 Ke6 51. Re4+ Kf5 52. Re5+ Kg6 53. Rd5 Rb6 54. Rd2 Rc6 55. Ke2 Ra6 56. Kd3 Kf5 57. Kc2 Re6 58. b4 Re1 59. a4 Rg1 60. a5 Kf4 61. a6 Kg3 62. a7 Kh2 63. Be5+ Kh1 64. Rd1 g4 65. Rxg1+ Kxg1 66. fxg4 Kh1 67. Kd2 Kxg2 68. a8=Q+ Kxh3 69. Qh1+ Kxg4 70. Bf4 Kf5 71. Qd5+ Kg4 72. Qg5+ Kf3 73. Qg3+ Ke4 74. Qe3+ Kf5 75. b5 Kg4 76. b6 Kh4 77. b7 Kg4 78. b8=Q Kf5 79. Qc8+ 1-0


[Site "https://www.chess.com"]

[Event "Titled Tuesday Blitz July 26 Late 2022"]
[White "Csonka, Balazs"]
[Black "Bortnyk, Mykola"]
[WhiteFideId "742910"]
[BlackFideId "14120836"]
[WhiteElo "2404"]
[BlackElo "2582"]
[Result "1-0"]
[Round "04"]
[TimeControl "180+1"]
[Date "2022.07.26"]
[WhiteClock "0:00:16"]
[BlackClock "0:00:14"]

1. d4 d5 2. c4 e6 3. Nf3 Nf6 4. Nc3 c6 5. Bg5 Nbd7 6. e3 Be7 7. Bd3 dxc4 8. Bxc4 O-O 9. O-O b5 10. Bd3 a6 11. Qc2 h6 12. Bxf6 Nxf6 13. Ne4 Bb7 14. Ne5 Rc8 15. Nc5 Qc7 16. Rfc1 Nd5 17. a3 Bxc5 18. Qxc5 f6 19. Ng6 Rfe8 20. Rc2 Qf7 21. Rac1 e5 22. Bf5 Rc7 23. e4 Ne7 24. Nxe7+ Rexe7 25. d5 cxd5 26. Qxc7 Rxc7 27. Rxc7 Qh5 28. Rxb7 1-0


[Site "https://www.chess.com"]

[Event "Titled Tuesday Blitz July 26 Late 2022"]
[White "Daggupati, Balaji"]
[Black "Vagman, Roy"]
[WhiteFideId "2090759"]
[BlackFideId "2828995"]
[WhiteElo "2700"]
[BlackElo "1956"]
[Result "1-0"]
[Round "04"]
[TimeControl "180+1"]
[Date "2022.07.26"]
[WhiteClock "0:02:40"]
[BlackClock "0:00:38"]

1. e4 e5 2. Nf3 Nc6 3. Bb5 a6 4. Ba4 Nf6 5. d4 exd4 6. O-O Be7 7. Re1 b5 8. e5 bxa4 9. exf6 gxf6 10. Nxd4 Nxd4 11. Qxd4 Bb7 12. Qxf6 Rg8 13. Bg5 Kf8 14. Rxe7 Rg7 15. Rxf7+ Rxf7 16. Qh8# 1-0


[Site "https://www.chess.com"]

[Event "Titled Tuesday Blitz July 26 Late 2022"]
[White "De Gleria, Francesco"]
[Black "Raja Harshit"]
[WhiteFideId "4630394"]
[BlackFideId "5089000"]
[WhiteElo "2283"]
[BlackElo "2338"]
[Result "0-1"]
[Round "04"]
[TimeControl "180+1"]
[Date "2022.07.26"]
[WhiteClock "0:00:52"]
[BlackClock "0:01:13"]

1. e4 c5 2. Nf3 d6 3. d4 cxd4 4. Qxd4 Nf6 5. Nc3 Nc6 6. Bb5 Bd7 7. Qd3 g6 8. Bg5 Bg7 9. O-O-O O-O 10. e5 Bf5 11. Qe2 Nb4 12. exf6 exf6 13. Bf4 Qa5 14. a3 Nxc2 15. Bxd6 Bh6+ 16. Nd2 Rfc8 17. Bb4 Nxb4 18. Bc4 Na2+ 0-1


[Site "https://www.chess.com"]

[Event "Titled Tuesday Blitz July 26 Late 2022"]
[White "Derraugh, Geordie"]
[Black "Zhu, Jiner"]
[WhiteFideId "2603950"]
[BlackFideId "8608059"]
[WhiteElo "2116"]
[BlackElo "2281"]
[Result "1/2-1/2"]
[Round "04"]
[TimeControl "180+1"]
[Date "2022.07.27"]
[WhiteClock "0:00:07"]
[BlackClock "0:00:07"]

1. e4 Nf6 2. e5 Nd5 3. c4 Nb6 4. c5 Nd5 5. d4 d6 6. cxd6 cxd6 7. Nf3 Nc6 8. Nc3 Nxc3 9. bxc3 dxe5 10. d5 e4 11. dxc6 Qxd1+ 12. Kxd1 exf3 13. cxb7 Bxb7 14. Bb5+ Kd8 15. g3 e5 16. Be3 Kc7 17. Kc2 Be7 18. Bd3 g6 19. Rhe1 Bd6 20. Bh6 f5 21. Bg7 Rhe8 22. Rad1 a6 23. Rd2 Rac8 24. Red1 Bc5 25. Bc4 Bc6 26. Bd5 Rcd8 27. c4 Bxd5 28. Rxd5 Rxd5 29. Rxd5 Bxf2 30. Bxe5+ Kc6 31. Kd3 Bc5 32. Kd2 f2 33. Ke2 Re6 34. Kf1 h5 35. Bd4 Bxd4 36. Rxd4 Kc5 37. Rf4 Re4 38. Rf3 Rxc4 39. Kxf2 Rc2+ 40. Ke3 Rxa2 41. Kf4 Ra4+ 42. Kg5 Rg4+ 43. Kf6 h4 44. gxh4 Rxh4 45. h3 a5 46. Kxg6 a4 47. Kg5 Rh8 48. Rxf5+ Kb4 49. Rf3 a3 50. h4 Rg8+ 51. Kh5 Rg1 52. Rf2 Kb3 53. Kh6 a2 54. Rxa2 Kxa2 55. h5 Kb3 56. Kh7 Kc4 57. h6 Kd5 58. Kh8 Ke6 59. h7 Ra1 60. Kg7 Ra7+ 61. Kg6 Ra8 62. Kg7 Ra7+ 63. Kg6 Ra8 64. Kg7 Kf5 65. h8=Q Rxh8 66. Kxh8 1/2-1/2


[Site "https://www.chess.com"]

[Event "Titled Tuesday Blitz July 26 Late 2022"]
[White "Dev, Shah"]
[Black "Kovacevic, Radmila"]
[WhiteFideId "35019058"]
[BlackFideId "933171"]
[WhiteElo "2048"]
[BlackElo "2157"]
[Result "0-1"]
[Round "04"]
[TimeControl "180+1"]
[Date "2022.07.27"]
[WhiteClock "0:00:13"]
[BlackClock "0:00:11"]

1. d4 e5 2. dxe5 Nc6 3. Nf3 Qe7 4. Nbd2 Nxe5 5. Nxe5 Qxe5 6. Nf3 Qf6 7. g3 Bb4+ 8. c3 Bc5 9. Bg2 h6 10. O-O d6 11. b4 Bb6 12. a4 a5 13. Bd2 Ne7 14. Qc2 d5 15. Bf4 O-O 16. Qd2 Rd8 17. Nd4 axb4 18. Nb5 c6 19. Nc7 bxc3 20. Qc1 Ra5 21. Qa3 g5 22. Qb4 c5 23. Be5 cxb4 24. Bxf6 Bxc7 25. Bxe7 b3 26. Bxd8 Bxd8 27. Ra3 Be6 28. Rxb3 d4 29. Rxb7 Bf6 30. Rb8+ Kg7 31. Ra8 Rc5 32. Be4 Bd5 33. Bd3 Bxa8 0-1


[Site "https://www.chess.com"]